 Dungeon Crawl Stone Soup version 0.22-a0-348-gd16d139 (webtiles) character file.

1086 Goblin1989 the Ruffian (level 8, -2/78 HPs)
             Began as a Troll Hunter on Apr 10, 2018.
             Was an Initiate of Okawaru.
             Slain by a quokka (5 damage)
             ... summoned by Eustachio
             ... on level 5 of the Dungeon.
             The game lasted 00:10:21 (4432 turns).

Goblin1989 the Ruffian (Troll Hunter)               Turns: 4432, Time: 00:10:22

Health: -2/78      AC:  5    Str: 22      XL:     8   Next: 9%
Magic:  7/7        EV:  6    Int:  7      God:    Okawaru [......]
Gold:   260        SH: 12    Dex:  9 (11) Spells: 7/7 levels left

rFire    . . .     SeeInvis .     - Unarmed
rCold    . . .     Gourm    +   C - +0 large shield
rNeg     . . .     Faith    .   b - +0 robe
rPois    .         Spirit   .   D - +0 hat
rElec    .         Reflect  .   (no cloak)
rCorr    .         Harm     .   (gloves unavailable)
MR       .....                  (boots unavailable)
Stlth    +.........             r - amulet of regeneration (curse)
HPRegen  1.03/turn              l - ring of flight
MPRegen  0.10/turn              (no ring)

@: flying
A: large, unfitting armour, claws 3, fast metabolism 3, gourmand, regeneration
1, shaggy fur 1, tough skin 2
a: Renounce Religion


You were on level 5 of the Dungeon.
You worshipped Okawaru.
Okawaru was noncommittal.
You were very full.

You visited 2 branches of the dungeon, and saw 7 of its levels.
You also visited: Sewer.

You collected 260 gold pieces.

Inventory:

Missiles
 c - 4 large rocks (quivered) {!d, @Q4}
 Z - 2 throwing nets {!d , @Q1}
Armour
 b - a +0 robe (worn)
 C - a +0 large shield (worn)
 D - a +0 hat (worn)
Jewellery
 l - a ring of flight (left claw)
 r - a cursed amulet of regeneration (around neck)
 J - an uncursed ring of ice
 X - an uncursed amulet of guardian spirit {unknown}
Scrolls
 K - 2 scrolls of fear
 L - 3 scrolls of enchant weapon {unknown}
 M - 2 scrolls of magic mapping
 R - 2 scrolls of remove curse {unknown}
 T - 7 scrolls of teleportation {!r, @r3}
 U - a scroll of amnesia {unknown}
 W - 6 scrolls of identify {unknown}
 Y - 2 scrolls of fog {unknown}
Potions
 B - a potion of brilliance {unknown}
 E - 2 potions of degeneration {unknown}
 F - a potion of haste {unknown}
 G - 2 potions of cancellation {unknown}
 H - 2 potions of magic {unknown}
 I - a potion of berserk rage {unknown}
 N - 3 potions of curing {unknown}
 O - a potion of agility {unknown}
 P - 2 potions of might {unknown}
 Q - a potion of invisibility {unknown}
 S - 3 potions of flight
 V - a potion of heal wounds {unknown}
Comestibles
 e - 11 rations


   Skills:
 + Level 3.7 Fighting
 - Level 3.6 Throwing
 + Level 3.7 Dodging
 - Level 0.3 Stealth
 + Level 1.3 Shields
 * Level 7.0 Unarmed Combat


You had 7 spell levels left.
You didn't know any spells.

Dungeon Overview and Level Annotations

Branches:
Dungeon (6/15)             Temple (1/1) D:4

Altars:
Ashenzari
Cheibriados
Dithmenos
Elyvilon
Fedhas
Gozag
Hepliaklqana
Kikubaaqudgha
Makhleb
Nemelex Xobeh
Okawaru
Qazlal
Ru
Sif Muna
Trog
Uskayaw
Vehumet
Wu Jian
Yredelemnul
Zin
The Shining One

Annotations:
D:5 Eustachio


Innate Abilities, Weirdness & Mutations

You are too large for most types of armour.
You have claws for hands.
Your metabolism is lightning-fast.
You like to eat raw meat.
Your natural rate of healing is unusually fast.
You are covered in fur. (AC +1)
You have very tough skin. (AC +2)


Message History

The quokka bites you.
Eustachio mumbles some strange words.
Eustachio blinks!
The white imp gestures at you. The puff of frost hits you!
You block the quokka's attack. The ufetubus barely misses you.
The ufetubus hits you.
You take 14 damage, and have 47/78 hp.
You claw the white imp!
The white imp is severely wounded.
The ufetubus hits you. You block the ufetubus's attack.
You block the quokka's attack. The quokka bites you.
The river rat bites you but does no damage.
The white imp gestures at you. The puff of frost hits you!
You take 8 damage, and have 39/78 hp.
You claw the white imp!
You kill the white imp!
You block the ufetubus's attack. The ufetubus closely misses you.
The quokka bites you. You block the quokka's attack. The river rat bites you!
* * * LOW HITPOINT WARNING * * *
The ufetubus hits you but does no damage.
The ufetubus hits you.
* * * LOW HITPOINT WARNING * * *
You take 10 damage, and have 29/78 hp.
You mangle Eustachio!!
Eustachio is heavily wounded.
You block the quokka's attack. x2
The ufetubus hits you but does no damage.
The ufetubus barely misses you. The river rat bites you!
* * * LOW HITPOINT WARNING * * *
Eustachio gestures wildly while chanting.
The quokka barely misses you. The quokka bites you.
* * * LOW HITPOINT WARNING * * *
You take 8 damage, and have 21/78 hp.
Saving game... please wait.
Level annotation: Eustachio Okawaru says: Become a saltling!
Welcome back, Goblin1989 the Troll Hunter.
Okawaru says: Bring me glory in combat!
Press ? for a list of commands and other information.
You closely miss Eustachio.
Eustachio is heavily wounded.
The ufetubus hits you.
* * * LOW HITPOINT WARNING * * *
You block the ufetubus's attack. You block the river rat's attack.
The quokka closely misses you. You block the quokka's attack.
Eustachio barely misses you.
The ufetubus hits you but does no damage.
You block the ufetubus's attack.
The quasit bites you but does no damage.
The quasit claws you but does no damage.
The quasit claws you.
* * * LOW HITPOINT WARNING * * *
You feel clumsy.
You take 2 damage, and have 19/78 hp.
It was a potion of flight.
You feel very buoyant.
You fly up into the air.
The ufetubus barely misses you. x2
You block the quokka's attack. x2; The river rat bites you!
* * * LOW HITPOINT WARNING * * *
The quasit bites you but does no damage.
The quasit barely misses you.
The quasit claws you but does no damage.
Eustachio gestures wildly while chanting.
Eustachio blinks!
You take 8 damage, and have 11/78 hp.
Throwing (i - inventory. (/) - cycle)
c - 5 large rocks (quivered)
{!d, @Q4}
Press: ? - help, Shift-Dir - straight line, f - Eustachio
Aim: Eustachio, wielding a falchion and wearing a leather armour (heavily wounded)
You throw a large rock {!d, @Q4}.
The large rock {!d, @Q4} barely misses the river rat.
The large rock {!d, @Q4} closely misses Eustachio.
You block the ufetubus's attack. The ufetubus hits you.
* * * LOW HITPOINT WARNING * * *
The quasit bites you but does no damage.
The quasit claws you.
* * * LOW HITPOINT WARNING * * *
You feel clumsy. The quasit barely misses you.
The quokka bites you but does no damage.
You block the quokka's attack.
The ufetubus hits you but does no damage.
The ufetubus hits you.
* * * LOW HITPOINT WARNING * * *
The river rat closely misses you.
The quasit bites you but does no damage.
The quasit claws you but does no damage. x2
The quokka bites you but does no damage.
The quokka bites you.
* * * LOW HITPOINT WARNING * * *
The ufetubus hits you but does no damage.
You block the ufetubus's attack.
The river rat bites you but does no damage.
The quokka completely misses you.
The quasit bites you but does no damage.
The quasit claws you but does no damage.
The quasit claws you.
* * * LOW HITPOINT WARNING * * *
The quokka bites you.
You die...

▓▓▓▓▓▓▓▓▓▓ ▓········▓▓ ███
▓·········███████ ██.██
▓·▓▓▓▓▓▓.·█.....█ ██...██ ▓·▓
▓▓▓▓..█.....███.....████████ ▓·▓
▓···(.@...§5r..............█
▓·▓▓▓·▓▓··█...r@██......███.....
▓·········█...r5█......██ █..█.█
▓·▓▓▓·▓▓▓·██████......██ █..█.█
▓·········▓ ██...███ █..█..
▓▓▓······▓▓ ██.██ █..███
▓·▓·▓▓·▓ █.█ █..███ ▓·▓·▓▓·▓ █.█
█..... ▓·▓·▓▓·▓ ▓█▲█▓ ██....
▓·▓·▓▓·▓ ▓▓···▓▓


█████ You could see Eustachio, a quasit, a river rat, an ufetubus and 2 quokkas.

Vanquished Creatures
  A sky beast (D:5)
  2 phantoms (D:4)
  2 ogres
  A bullfrog (D:5)
  2 crimson imps (D:5)
  3 orc wizards
  2 orc priests
  2 hounds (D:4)
  A centaur skeleton (D:5)
  An iguana (D:4)
  A worker ant (D:4)
  5 adders
  A river rat (D:5)
  A shadow imp (D:5)
  6 oozes
  An adder zombie (D:5)
  10 worms
  5 dart slugs
  7 leopard geckos
  7 orcs
  14 bats
  5 giant cockroaches
  5 goblins
  7 hobgoblins
  6 jackals
  8 kobolds
  9 ball pythons
  7 frilled lizards
  A jackal skeleton (D:4)
  A leopard gecko skeleton (D:4)
  A quokka zombie (D:5)
  12 rats
137 creatures vanquished.

Notes
Turn   | Place    | Note
-------+----------+-------------------------------------------
     0 | D:1      | Goblin1989 the Troll Hunter began the quest for the Orb.
     0 | D:1      | Reached XP level 1. HP: 19/19 MP: 0/0
    97 | D:1      | Reached skill level 1 in Unarmed Combat
   178 | D:1      | Reached XP level 2. HP: 27/27 MP: 1/1
   219 | D:1      | Reached skill level 2 in Unarmed Combat
   449 | D:1      | Reached XP level 3. HP: 33/33 MP: 2/2
   671 | D:1      | Reached skill level 3 in Unarmed Combat
  1130 | D:2      | Reached XP level 4. HP: 33/41 MP: 3/3
  1426 | D:3      | Reached skill level 4 in Unarmed Combat
  1859 | D:4      | Reached XP level 5. HP: 35/49 MP: 4/4
  1916 | D:4      | Noticed an ogre
  1919 | D:4      | Killed an ogre
  1932 | D:4      | Reached skill level 5 in Unarmed Combat
  1932 | D:4      | Reached XP level 6. HP: 59/59 MP: 5/5
  2381 | D:4      | Reached XP level 7. HP: 64/67 MP: 6/6
  2821 | D:4      | Found a staircase to the Ecumenical Temple.
  2832 | Temple   | Entered the Ecumenical Temple
  3002 | Temple   | Became a worshipper of Warmaster Okawaru
  3247 | D:5      | Entered Level 5 of the Dungeon
  3319 | D:5      | Reached skill level 6 in Unarmed Combat
  3398 | D:5      | Found a glowing drain.
  3407 | Sewer    | Entered a sewer
  4056 | D:5      | You fall through a shaft!
  4301 | D:5      | Reached skill level 1 in Shields
  4368 | D:5      | Reached XP level 8. HP: 68/76 MP: 7/7
  4417 | D:5      | Noticed Eustachio
  4417 | D:5      | Reached skill level 7 in Unarmed Combat
  4432 | D:5      | HP: 3/78 [quasit[Eustachio] (2)]
  4432 | D:5      | Slain by a quokka

Vault maps used:
D:1:      lightli_arrival_statue_moat
D:2:      minmay_misc_feat_columns, serial_park_tiny_pond, feat_on_display
D:3:      first_ration, minmay_misc_feat_diagonals
D:4:      minmay_temple_entry_poolview
D:5:      portal_sewer_entry_e, uniq_eustachio
D:6:      xom_teletrap_fun, uniq_sigmund
Temple:   roderic_octagonal_lattice_temple
Sewer:    sewer_fruit_machine

Skill      XL: |  1  2  3  4  5  6  7  8 |
---------------+-------------------------+-----
Unarmed Combat | 1 2 3 4 5 6 7 |  7.0
Fighting       | 2 3 |  3.7
Dodging        | 2 3 |  3.7
Shields        | 1 |  1.3
Throwing       | |  3.6
Stealth        | |  0.3

Action                   |  1- 3 |  4- 6 |  7- 9 || total
-------------------------+-------+-------+-------++-------
Melee: Unarmed           |   106 |   117 |   166 ||   389
       Punch             |       |     2 |     1 ||     3
Throw: Large rock        |       |       |     1 ||     1
 Abil: Evoke Flight      |       |       |     1 ||     1
  Use: Scroll            |       |       |     4 ||     4
       Potion            |       |       |     1 ||     1
 Stab: Sleeping          |     2 |     1 |     3 ||     6
  Eat: Chunk             |    16 |    11 |    20 ||    47
Armor: Robe              |    47 |    36 |   101 ||   184
Dodge: Dodged            |    48 |    60 |   112 ||   220
Block: Large shield      |       |       |    63 ||    63

Table legend:
 A = Spawn XP
 B = Non-spawn XP
 C = Spawn XP percentage of total XP
 D = Spawn monster count
 E = Non-spawn monster count
 F = Spawn count percentage of total count
 G = Total turns spent on level
                    A         B        C        D         E        F      G
               +---------+---------+-------+---------+---------+-------+---------
         Total |       0 |    1552 |   0.0 |       0 |     137 |   0.0 |  4432
               +---------+---------+-------+---------+---------+-------+---------
           D:1 |       0 |      54 |   0.0 |       0 |      22 |   0.0 |   740
           D:2 |       0 |      57 |   0.0 |       0 |      23 |   0.0 |   638
           D:3 |       0 |      79 |   0.0 |       0 |      17 |   0.0 |   477
           D:4 |       0 |     632 |   0.0 |       0 |      18 |   0.0 |  1247
           D:5 |       0 |     656 |   0.0 |       0 |      31 |   0.0 |   511
         Sewer |       0 |      74 |   0.0 |       0 |      26 |   0.0 |   624
               +---------+---------+-------+---------+---------+-------+---------

Vault maps used:
D:1:      lightli_arrival_statue_moat
D:2:      minmay_misc_feat_columns, serial_park_tiny_pond, feat_on_display
D:3:      first_ration, minmay_misc_feat_diagonals
D:4:      minmay_temple_entry_poolview
D:5:      portal_sewer_entry_e, uniq_eustachio
D:6:      xom_teletrap_fun, uniq_sigmund
Temple:   roderic_octagonal_lattice_temple
Sewer:    sewer_fruit_machine
